 Dungeon Crawl Stone Soup version 0.30-a0-760-g5a9884bb7c (webtiles) character file.

Game seed: 12341602440217281432

23 Esekla the Sneak (level 3, -2/19 HPs)
             Began as a Vine Stalker Delver on Feb 12, 2023.
             Killed from afar by a white imp (4 damage)
             ... with a puff of frost
             ... on level 5 of the Dungeon.
             The game lasted 00:02:40 (181 turns).

Esekla the Sneak (Vine Stalker Delver)               Turns: 181, Time: 00:02:41

Health: -2/19      AC:  5    Str: 14    XL:     3   Next: 0%
Magic:  0/5        EV: 12    Int: 12    God:
Gold:   3          SH:  0    Dex: 18    Spells: 3/3 levels left

rFire   + . .      SeeInvis .    a - +0 falchion
rCold   . . .      Faith    .    (no shield)
rNeg    + . .      Spirit   +    c - +3 robe of Time Monsters {rF+ rN+ rCorr Dex+3}
rPois   .          Reflect  .    (no helmet)
rElec   .          Harm     .    (no cloak)
rCorr   +          Rampage  .    (no gloves)
Will    .....                    (no boots)
Stlth   ++++                     (no amulet)
HPRegen 0.23/turn                (no ring)
MPRegen 0.09/turn                (no ring)

@: no status effects
A: fangs 2, magic shield, antimagic bite, no potion heal 2
a: no special abilities


You were on level 5 of the Dungeon.
You visited 1 branch of the dungeon, and saw 1 of its levels.

You collected 3 gold pieces.

Inventory:

Hand Weapons
 a - a +0 falchion (weapon)
Armour
 c - the +3 robe of Time Monsters (worn) {rF+ rN+ rCorr Dex+3}
   (You found it on level 5 of the Dungeon)

   Dex:       It affects your dexterity (+3).
   rF:        It protects you from fire.
   rN:        It protects you from negative energy.
   rCorr:     It protects you from acid and corrosion.
Jewellery
 h - a ring of fire
Wands
 d - a wand of flame (15)
 g - a wand of digging (3)
Scrolls
 e - a scroll of fear
Potions
 b - a potion of curing {unknown}
 f - a potion of haste


   Skills:
 * Level 2.9 Fighting
 * Level 2.0 Long Blades
 + Level 1.5 Dodging
 + Level 6.4 Stealth
 * Level 0.8 Spellcasting


You had 3 spell levels left.
You didn't know any spells.
Your spell library contained the following spells:

 Spells                   Type           Power      Damage    Failure   Level
 Gell's Gravitas          Tloc           0%         N/A       67%         3
 Teleport Other           Tloc           0%         N/A       67%         3
 Dispersal                Tloc           0%         N/A       100%        6


Dungeon Overview and Level Annotations

Branches:
Dungeon (5/15)
 Temple: D:4-7

Altars:
Trog


Innate Abilities, Weirdness & Mutations

You have extremely sharp teeth.
When hurt, damage is shared between your health and your magic reserves.
Your bite disrupts and absorbs the magic of your enemies.
Potions cannot restore your health.


Message History

A scorpion comes into view.
Found 9 gold pieces.
Found a stone staircase leading down.
Found a scroll labelled OMYWEO DECZAPS.
There is a stone staircase leading down here.
A white imp and an ufetubus come into view.
The ufetubus shouts!
The white imp shouts, "Slither hence, thou weedy fob-snatching tiler!"
The white imp gestures at you. The puff of frost hits you.
The white imp gestures at you. The puff of frost hits you!
The white imp gestures at you. The puff of frost hits you!
* * * LOW HITPOINT WARNING * * *
You closely miss the ufetubus. Your bite misses the ufetubus.
The ufetubus closely misses you.
The ufetubus hits you but does no damage. x2
The ufetubus misses you.
You hit the ufetubus but do no damage. The ufetubus hits you.
* * * LOW HITPOINT WARNING * * *
The ufetubus closely misses you.
The white imp lashes its tail.
You barely miss the ufetubus.
The ufetubus hits you but does no damage.
The ufetubus hits you.
* * * LOW HITPOINT WARNING * * *
You hit the white imp. Your bite misses the white imp.
The white imp is moderately wounded.
The white imp closely misses you.
You barely miss the white imp. You bite the white imp.
The white imp's magic leaks into the air.
You drain its magic.
You feel invigorated.
The white imp is moderately wounded.
The white imp's magic is no longer disrupted.
The white imp closely misses you.
You hit the white imp.
The white imp is heavily wounded.
The white imp gestures at you. The puff of frost hits you.
You die...

,,,,*,,,,,,,*#......##,,,,,,,,,,*
,,,,*****,*,*#.?.....+,,,,,,,,,,+
,,,,,,,,*,*,*#......#*,,,,,,,,,,*
,,,,***,*,#,*#......#************
,,,,,,,,*,#.*#......#
,,,,,$,,#,#.##......#
***,,..,#.#......#***
*,,.s.#.###..#########*********
*,,........>55@.......,,,,,,,,*
***,,..##....###########*******,*
*,,,,........# *,,
*,,,,........######## **,
*,,,,...............###### **
*****####................# *
#................# *
#................# *
#................#*******


You could see a white imp and an ufetubus.

Vanquished Creatures
  An adder (D:5)
  7 orcs (D:5)
8 creatures vanquished.

Notes
Turn   | Place    | Note
-------+----------+-------------------------------------------
     0 | D:5      | Esekla the Vine Stalker Delver began the quest for the Orb.
     0 | D:5      | Reached XP level 1. HP: 11/11 MP: 2/2
    64 | D:5      | Reached XP level 2. HP: 11/16 MP: 0/4
    75 | D:5      | Identified the +3 robe of Time Monsters {rF+ rN+ rCorr
                  | Dex+3}
    93 | D:5      | Found a bloodstained altar of Trog.
   128 | D:5      | Reached XP level 3. HP: 15/19 MP: 5/5
   166 | D:5      | Noticed a scorpion
   181 | D:5      | Killed from afar by a white imp

Illustrated notes

Levels and vault maps discovered:
D:5:      layout_basic, trog_three_pillars_becter, serial_corexii_hall,
          corexii_hall_statues_i, corexii_hall_statues_l, enter_ossuary_5

Skill      XL: |  1  2 |
---------------+-------+-----
Long Blades    | 2 |  2.0
Fighting       | |  2.9
Dodging        | |  1.5
Stealth        | |  6.4
Spellcasting   | |  0.8

Action                     || total
---------------------------++-------
  Melee: Falchion          ||    32
         Bite              ||     6
    Use: Scroll            ||     2
 Armour: Leather armour    ||     2
         Robe              ||     5
  Dodge: Dodged            ||    19

Table legend: (Time is in decaauts)
 A = Elapsed time spent in this place.
 B = Non-inter-level travel time spent in this place.
 C = Inter-level travel time spent in this place.
 D = Time resting spent in this place.
 E = Time spent auto-exploring this place.
 F = Levels seen in this place.
 G = Mean time per level.
                   A        B        C        D        E       F      G
               +--------+--------+--------+--------+--------+-----+--------+
         Total |    187 |    187 |      0 |      0 |      0 |   1 |  187.0 |
       Dungeon |    187 |    187 |      0 |      0 |      0 |   1 |  187.0 |
               +--------+--------+--------+--------+--------+-----+--------+

Top non-repeatable levels by time:
     D:5: 187 daAuts
